 Dungeon Crawl Stone Soup version 0.22-a0-422-g9628fc8 (webtiles) character file.

19 raistware the Magician (level 2, 0/19 HPs)
             Began as a Mummy Wizard on May 17, 2018.
             Hit by a stone thrown by a kobold (3 damage)
             ... on level 1 of the Dungeon.
             The game lasted 00:02:48 (1058 turns).

raistware the Magician (Mummy Wizard)               Turns: 1058, Time: 00:02:49

Health: 0/19       AC:  2    Str: 10    XL:     2   Next: 55%
Magic:  0/7        EV: 12    Int: 17    God:
Gold:   30         SH:  0    Dex: 10    Spells: 4/9 levels left

rFire    x . .     SeeInvis .   e - +0 mace
rCold    + . .     Gourm    .   (no shield)
rNeg     + + +     Faith    .   a - +0 robe
rPois    ∞         Spirit   .   b - +0 hat
rElec    .         Reflect  .   (no cloak)
rCorr    .         Harm     .   (no gloves)
MR       .....                  (no boots)
Stlth    ++........             (no amulet)
HPRegen  0.06/turn              (no ring)
MPRegen  0.10/turn              (no ring)

@: no status effects
A: no food or potions, fire vulnerability, cold resistance 1, negative energy
resistance 3, torment resistance, unbreathing
a: no special abilities


You were on level 1 of the Dungeon.
You were not hungry.

You visited 1 branch of the dungeon, and saw 1 of its levels.

You collected 30 gold pieces.

Inventory:

Hand Weapons
 e - a +0 mace (weapon)
Armour
 a - a +0 robe (worn)
 b - a +0 hat (worn)
Scrolls
 c - a scroll of enchant weapon {unknown}
 d - a scroll of teleportation {unknown}
 f - a scroll of blinking {unknown}
 g - a scroll of identify {unknown}
 h - a scroll of enchant armour {unknown}


   Skills:
 - Level 1.5 Dodging
 - Level 1.5 Stealth
 - Level 4.0 Spellcasting
 + Level 1.9 Conjurations
 - Level 1.0 Summonings
 - Level 1.0 Translocations


You had 4 spell levels left.
You knew the following spells:

 Your Spells              Type           Power        Failure   Level  Hunger
a - Magic Dart            Conj           ##..         7%          1    N/A
b - Blink                 Tloc           N/A          16%         2    N/A
c - Call Imp              Summ           #.......     16%         2    N/A

Your spell library contained the following spells:

 Spells                   Type           Power        Failure   Level  Hunger
 Conjure Flame            Conj/Fire      #.......     32%         3    N/A
 Slow                     Hex            #.......     24%         2    N/A
 Mephitic Cloud           Conj/Pois/Air  #.......     36%         3    N/A

Dungeon Overview and Level Annotations

Branches:
Dungeon (1/15)

Altars:


Innate Abilities, Weirdness & Mutations

You do not eat or drink.
Your flesh is vulnerable to fire.
You are immune to poison.
Your flesh is cold resistant. (rC+)
You are immune to negative energy. (rN+++)
You are immune to unholy pain and torment.
You can survive without breathing.


Message History

Aiming: Magic Dart (safe; 7% risk of failure)
Press: ? - help, Shift-Dir - straight line, f/p - kobold
Aim: a kobold, wielding a whip The magic dart hits the kobold.
The kobold hits you but does no damage.
Your magical contamination has completely faded away.
You closely miss the kobold. The kobold hits you with a whip.
* * * LOW HITPOINT WARNING * * *
You hit the kobold.
The kobold is severely wounded.
The kobold barely misses you. The kobold hits you with a whip.
* * * LOW HITPOINT WARNING * * *
Casting: Magic Dart (safe; 7% risk of failure)
Confirm with . or Enter, or press ? or * to list all spells.
Aiming: Magic Dart (safe; 7% risk of failure)
Press: ? - help, Shift-Dir - straight line, f/p - kobold
Aim: a kobold, wielding a whip (severely wounded)
The magic dart hits the kobold.
You kill the kobold!
The kobold throws a stone.
The stone hits you.
You die...

#.....# ###.#.#
##.#.###### ##.........#
#..........#
#######%........%#
#................####
#.######............#
#...KK)@..#.........#
##....####.######....#
#[...(# #..........##
#....(# #..........#####
#....K# #...............
#.....# #..>............
#.....# #...........##..
#...).# #...........##..
#.....#####..........##..


You could see 2 kobolds.

Vanquished Creatures
  A giant cockroach (D:1)
  2 goblins (D:1)
  3 jackals (D:1)
  6 kobolds (D:1)
  A ball python (D:1)
  3 bats (D:1)
  3 frilled lizards (D:1)
  A rat (D:1)
20 creatures vanquished.

Notes
Turn   | Place    | Note
-------+----------+-------------------------------------------
     0 | D:1      | raistware the Mummy Wizard began the quest for the Orb.
     0 | D:1      | Reached XP level 1. HP: 13/13 MP: 5/5
    77 | D:1      | Reached skill level 1 in Conjurations
   634 | D:1      | Reached XP level 2. HP: 19/19 MP: 4/7
   638 | D:1      | Learned a level 2 spell: Blink
   641 | D:1      | Learned a level 2 spell: Call Imp
   975 | D:1      | Reached skill level 1 in Translocations
  1013 | D:1      | Reached skill level 1 in Summonings
  1058 | D:1      | Hit by a stone thrown by a kobold

Vault maps used:
D:1:      nzn_arrival_crosshair, lexackson_kobold_supper

Skill      XL: |  1  2 |
---------------+-------+-----
Conjurations   | 1 |  1.9
Translocations | 1 |  1.0
Summonings     | 1 |  1.0
Dodging        | |  1.5
Stealth        | |  1.5
Spellcasting   | |  4.0

Action                   || total
-------------------------++-------
Melee: Unarmed           ||    17
       Mace              ||    18
 Cast: Magic Dart        ||    46
 Stab: Sleeping          ||     1
Armor: Robe              ||    18
Dodge: Dodged            ||    51

Table legend:
 A = Spawn XP
 B = Non-spawn XP
 C = Spawn XP percentage of total XP
 D = Spawn monster count
 E = Non-spawn monster count
 F = Spawn count percentage of total count
 G = Total turns spent on level
                    A         B        C        D         E        F      G
               +---------+---------+-------+---------+---------+-------+---------
         Total |       0 |      28 |   0.0 |       0 |      20 |   0.0 |  1058
               +---------+---------+-------+---------+---------+-------+---------
           D:1 |       0 |      28 |   0.0 |       0 |      20 |   0.0 |  1058
               +---------+---------+-------+---------+---------+-------+---------
